 Dungeon Crawl Stone Soup version 0.27.1 (webtiles) character file.

Game seed: 17215082546628812830

2 Descartes the Sneak (level 1, -3/10 HPs)
             Began as a Felid Delver on Aug 25, 2021.
             Slain by an ogre (13 damage)
             ... on level 5 of the Dungeon.
             The game lasted 00:00:44 (242 turns).

Descartes the Sneak (Felid Delver)                   Turns: 242, Time: 00:00:45

Health: -3/10      AC:  1    Str:  8    XL:     1   Next: 25%
Magic:  2/2        EV: 17    Int: 11    God:
Gold:   0          SH:  0    Dex: 17    Spells: 0/0 levels left
                                        Lives:  0   Deaths: 0

rFire    . . .     SeeInvis +     - Unarmed
rCold    . . .     Faith    .   (shield unavailable)
rNeg     . . .     Spirit   .   (armour unavailable)
rPois    .         Reflect  .   (helmet unavailable)
rElec    .         Harm     .   (cloak unavailable)
rCorr    .         Rampage  .   (gloves unavailable)
Will     .....                  (boots unavailable)
Stlth    ++++......             (no amulet)
HPRegen  0.03/turn              (no ring)
MPRegen  0.08/turn              (no ring)

@: quick
A: very small, claws 1, fangs 3, see invisible, speed 1, shaggy fur 1, stealthy
paws, no weapons or thrown items, no armour, multi-lived
a: no special abilities


You were on level 5 of the Dungeon.
You visited 1 branch of the dungeon, and saw 1 of its levels.

Inventory:

Wands
 e - a wand of digging (3)
Scrolls
 a - a scroll of fog
 b - a scroll of magic mapping
 c - a scroll of fear
 f - a scroll of enchant armour {unknown}
Potions
 d - a potion of haste


   Skills:
 - Level 3.0 Fighting
 - Level 2.6 Dodging
 + Level 6.7 Stealth
 - Level 2.0 Unarmed Combat


You couldn't memorise any spells.
You didn't know any spells.
Your spell library was empty.

Dungeon Overview and Level Annotations

Branches:
Dungeon (5/15)
 Temple: D:4-7

Altars:
Xom
Zin

Shops:
D:5 ?

Annotations:
D:5 exclusion: water moccasin


Innate Abilities, Weirdness & Mutations

You have sharp claws.
You have razor-sharp teeth.
You have supernaturally acute eyesight. (SInv)
You cover ground quickly. (Speed+)
You are covered in fur. (AC +1)
Your paws help you pounce on unaware monsters.
You are incapable of wielding weapons or throwing items.
You cannot wear armour.
You gain extra lives every three experience levels.


Message History

f - a scroll labelled FEULOL BARUECA An orc comes into view.
It is wielding a +0 short sword.
The orc shouts!
An ogre comes into view. It is wielding a +0 giant club.
The orc hits you with a +0 short sword.
Ouch! That really hurt!
You are too injured to fight recklessly!
You are too injured to fight recklessly!
You are too injured to fight recklessly!
You are too injured to fight recklessly!
You are too injured to fight recklessly!
You are too injured to fight recklessly!
You are too injured to fight recklessly!
You are too injured to fight recklessly!
You are too injured to fight recklessly!
You are too injured to fight recklessly!
The orc completely misses you.
You scratch the orc.
The orc is severely wounded.
The orc misses you.
You closely miss the orc.
The orc is severely wounded.
The orc misses you.
You scratch the orc.
You kill the orc!
You see here a +0 short sword.
You start resting.
HP restored.
The angel rambles incoherently.
A water moccasin comes into view.
Found a purple potion.
The angel lectures the ground at length about the sacred Law of Zin.
There is a shimmering altar of Xom here.
The angel rambles incoherently.
You see here a +0 short sword.
A scorpion comes into view.
There is an open door here.
The ogre hits you with a +0 giant club!
Ouch! That really hurt!
You die...

#..... #..... ####._
######## #.. #......#
#.. #......# #..
#......# ##. #.....O#
###
#.....@##############..
.'s.....'.......)....#..
##......############.#..
#......# ####.#..
#......# #....#..
#......# #.##.#..
######## #.####..
#....... #######.


You could see an ogre and a scorpion (wandering).

Vanquished Creatures
  An orc (D:5)
1 creature vanquished.

Notes
Turn   | Place    | Note
-------+----------+-------------------------------------------
     0 | D:5      | Descartes the Felid Delver began the quest for the Orb.
     0 | D:5      | Reached XP level 1. HP: 10/10 MP: 2/2
     0 | D:5      | Noticed an angel
    31 | D:5      | Noticed an ogre
   195 | D:5      | Noticed a water moccasin
   238 | D:5      | Noticed a scorpion
   242 | D:5      | Slain by an ogre

Illustrated notes

Levels and vault maps discovered:
D:5:      layout_basic, grunt_temple_overflow_order_and_chaos_1,
          makhleb_grotto_becter, minmay_temple_entry_overgrown, serial_shops,
          shop

Action                   || total
-------------------------++-------
Melee: Unarmed           ||     3
Dodge: Dodged            ||     3
